 Dungeon Crawl Stone Soup version 0.16.2-14-g7133f4a77c (webtiles) character file.

115386 faibistes the Eclecticist (level 16, -2/90 HPs)
             Began as a Deep Elf Wizard on Aug 31, 2021.
             Was a High Priest of Sif Muna.
             Slain by a deep elf knight
             ... wielding a +0 long sword
              (14 damage)
             ... on level 2 of the Elven Halls on Sept 1, 2021.
             The game lasted 03:15:00 (53144 turns).

faibistes the Eclecticist (Deep Elf Wizard)        Turns: 53144, Time: 03:15:00

Health: -2/90      AC:  2    Str:  8    XL:     16   Next: 18%
Magic:  14/50      EV: 21    Int: 35    God:    Sif Muna [*****.]
Gold:   370        SH:  0    Dex: 18    Spells: 13 memorised, 0 levels left

rFire  . . .     SeeInvis .     X - +7 rapier of Tender Mercy {drain, Str+4 Dex+5 Stlth-}
rCold  . . .     Clarity  .     M - +1 robe {rN+}
rNeg   + . .     SustAb   .     (no shield)
rPois  .         Gourm    .     j - +2 hat
rElec  .         Spirit   .     a - +0 cloak
rCorr  .         Warding  .     J - -5 pair of gloves of Aneciung {MP+9 Int+4}
rMut   .         Stasis   .     (no boots)
MR     +....                    (no amulet)
Stlth  +.........               y - +1 ring of evasion
                                e - ring of wizardry

@: lethally poisoned (-2 -> -13), very slightly contaminated, hasted, deflect
missiles, very quick, somewhat resistant to hostile enchantments, very
unstealthy
A: no striking features
a: Channel Energy, Forget Spell, Renounce Religion


You were on level 2 of the Elven Halls.
You worshipped Sif Muna.
Sif Muna was extremely pleased with you.
You were not hungry.

You visited 5 branches of the dungeon, and saw 28 of its levels.

You collected 2965 gold pieces.
You spent 2595 gold pieces at shops.

Inventory:

Hand weapons
 v - a +4 dagger of venom
 X - the +7 rapier of Tender Mercy (weapon) {drain, Str+4 Dex+5 Stlth-}
   (You found it on level 6 of the Lair of Beasts)

   A truly terrible weapon, it drains the life of those it strikes.
   It affects your strength (+4).
   It affects your dexterity (+5).
   It makes you less stealthy.
Armour
 a - a +0 cloak (worn)
 j - a +2 hat (worn)
 J - the -5 pair of gloves of Aneciung (worn) {MP+9 Int+4}
   (You found it on level 2 of the Elven Halls)

   It affects your intelligence (+4).
   It affects your magic capacity (+9).
 M - a +1 robe of positive energy (worn)
 N - the +1 pair of gloves of the Stag {rElec rC- Str+6 SInv}
   (You found it on level 10 of the Dungeon)

   It affects your strength (+6).
   It makes you vulnerable to cold.
   It insulates you from electricity.
   It enhances your eyesight.
Magical staves
 G - an uncursed staff of death
 R - an uncursed staff of fire
 S - an uncursed staff of earth
Jewellery
 e - a ring of wizardry (left hand)
 r - the ring of Bigic {+Fly rF+ MR+ Str+2 Int-5 Stlth+}
   (You found it on level 7 of the Lair of Beasts)

   [ring of protection from fire]

   It affects your strength (+2).
   It affects your intelligence (-5).
   It protects you from fire.
   It affects your resistance to hostile enchantments.
   It lets you fly.
   It makes you more stealthy.
 u - an uncursed ring of ice
 y - a +1 ring of evasion (right hand)
Magical devices
 f - a wand of hasting (7)
 m - a wand of disintegration (0)
 o - a wand of slowing (6)
 A - a wand of paralysis (17)
 D - a wand of digging (5)
 H - a wand of fire (7)
 T - a wand of fireball (0)
 Z - a wand of digging (12)
Scrolls
 l - 3 scrolls of fear
 n - 6 scrolls of recharging
 t - 3 scrolls of fog
 F - 12 scrolls of remove curse
 I - 4 scrolls of magic mapping
 L - 3 scrolls of blinking
 P - 4 scrolls of teleportation
Potions
 g - a potion of ambrosia
 h - 5 potions of restore abilities
 i - 8 potions of curing
 k - a potion of heal wounds
 q - 3 potions of invisibility
 s - a potion of flight
 w - a potion of magic
 x - a potion of resistance
 z - 4 potions of brilliance
 B - a potion of might
 C - 2 potions of cure mutation
 O - 3 potions of haste
 W - 3 potions of agility
Books
 c - a book of Geomancy

   Spells                             Type                      Level
   a - Sandblast                      Earth                        1
   b - Stoneskin                      Transmutation/Earth          2
   c - Passwall                       Transmutation/Earth          3
   d - Stone Arrow                    Conjuration/Earth            3
   e - Petrify                        Transmutation/Earth          4
   f - Lee's Rapid Deconstruction     Earth                        5
 E - Sif Muna's Incunabulum of Feathers
   (Sif Muna gifted it to you on level 1 of the Elven Halls)

   Spells                             Type                      Level
   a - Airstrike                      Air                          4
   b - Deflect Missiles               Charms/Air                   6
   c - Conjure Ball Lightning         Conjuration/Air              6
 K - a book of Transfigurations

   Spells                             Type                      Level
   a - Stoneskin                      Transmutation/Earth          2
   b - Irradiate                      Conjuration/Transmutation    5
   c - Statue Form                    Transmutation/Earth          6
   d - Hydra Form                     Transmutation                6
   e - Dragon Form                    Transmutation                7
Comestibles
 b - a royal jelly
 d - 12 bread rations
 p - 13 meat rations


   Skills:
 + Level 6.4 Fighting
 - Level 10.0 Dodging
 - Level 2.4 Stealth
 * Level 18.8 Spellcasting
 + Level 12.6 Conjurations
 - Level 4.4 Charms
 - Level 1.1 Summonings
 - Level 3.1 Translocations
 + Level 11.5 Fire Magic
   Level 5.1 Ice Magic
 - Level 5.2 Air Magic
 * Level 8.7 Earth Magic
 - Level 3.5 Poison Magic
 - Level 10.0 Invocations
 + Level 9.5 Evocations


You couldn't memorise any spells.
You knew the following spells:

 Your Spells              Type           Power        Failure   Level  Hunger
a - Magic Dart            Conj           ####         0%          1    None
b - Conjure Flame         Conj/Fire      #######.     1%          3    None
c - Summon Lightning Spi  Summ/Air       ######..     1%          4    None
d - Blink                 Tloc           N/A          1%          2    None
e - Mephitic Cloud        Conj/Pois/Air  ######..     1%          3    None
f - Deflect Missiles      Chrm/Air       ######....   9%          6    None
g - Call Imp              Summ           #####...     1%          2    None
i - Ignite Poison         Fire/Trmt      ######....   1%          5    None
j - Iron Shot             Conj/Erth      #######...   1%          6    None
l - Lee's Rapid Deconstr  Erth           #######...   1%          5    None
v - Bolt of Fire          Conj/Fire      #######...   1%          6    None
x - Force Lance           Conj/Tloc      ######..     1%          4    None
z - Fireball              Conj/Fire      #######...   1%          5    None


Dungeon Overview and Level Annotations

Branches:
Dungeon (13/15)            Temple (1/1) D:4            Lair (8/8) D:11
  Swamp (0/5) Lair:3        Snake (0/5) Lair:6        Slime (0/6) Lair:7
    Orc (4/4) D:12            Elf (2/3) Orc:3
 Vaults: D:13-14

Altars:
Ashenzari
Cheibriados
Dithmenos
Elyvilon
Fedhas
Gozag
Kikubaaqudgha
Makhleb
Nemelex Xobeh
Okawaru
Qazlal
Ru
Sif Muna
Trog
Vehumet
Yredelemnul
Zin
The Shining One
Beogh

Shops:
Orc:4 :!::   Elf:1 (

Portals:
Trove: D:12 (show abyssal rune of Zot)

Annotations:
D:9 exclusion: orange crystal statue


Message History

The lance of force hits the halberd of freezing.
The halberd of freezing is heavily damaged.
The halberd of freezing is knocked back by the lance of force.
You feel sick. Something closely misses you.
You see here a long sword of holy wrath.
Which direction?
Something is blocking the doorway!
You feel sick. Something barely misses you.
The glaive of venom hits you from afar!
* * * LOW HITPOINT WARNING * * *
You are more poisoned.
The halberd of freezing hits you from afar!
* * * LOW HITPOINT WARNING * * *
The halberd of freezing freezes you.
* * * LOW HITPOINT WARNING * * *
Which direction?
Something is blocking the doorway!
* * * LOW HITPOINT WARNING * * *
You feel sick. Something hits you!
You die...

............#.......
............# #......
............## ##.....
.............###......
..............#.......
.............e)........
...###(...)##...##...#
++#''(#.####.####.## #..@#####
### ### ##
###########'')######## ### ##
.###.#.##.............######.#
##
.......##...#.....#.......##.#
#.
.###.####..###...###..###....#
#. .# #......## ##.##
##)....[#####. .#
#.......###...###..#...#......
.#
#.##.....#.....#......###.###.
.###.##.#.....[)[.))....##
##.##.


You could see a deep elf knight and 2 dancing weapons.

Vanquished Creatures
  Frances (Elf:1)
  Roxanne (Elf:1)
  Maud (Elf:1)
  Aizul (Elf:2)
  An orc warlord (Orc:2)
  2 deep elf annihilators (Elf:1)
  Snorg (Orc:3)
  A fire dragon (Lair:8)
  7 hydras
  A centaur warrior (Orc:4)
  7 dancing weapons (Elf:2)
  3 orc high priests
  3 death yaks (Lair:8)
  Nergalle (Elf:1)
  16 deep elf knights
  A lindwurm (Lair:1)
  12 deep elf summoners
  3 orc knights (Orc:2)
  4 hill giants (D:10)
  The ghost of faibistes the Thaumaturge, an experienced DEWz of Sif Muna (D:7)
  An unseen horror (D:11)
  2 griffons
  3 orc sorcerers
  12 deep elf conjurers
  2 wolf spiders (Lair:8)
  A hornet (Lair:8)
  An ugly thing (D:12)
  3 manticores
  3 elephants (Lair:7)
  4 cyclopes
  A guardian serpent (Lair:8)
  Joseph (D:8)
  14 black mambas
  14 spiny frogs
  2 kobold demonologists (D:8)
  A queen ant (Lair:2)
  10 komodo dragons
  An efreet (D:13)
  9 deep elf priests
  9 trolls
  A merfolk (D:9)
  A boulder beetle (Lair:8)
  A polar bear (Lair:2)
  2 two-headed ogres
  3 fire drakes
  4 basilisks
  A trapdoor spider zombie (D:10)
  10 blink frogs
  3 redbacks (Elf:1)
  3 wyverns
  A hungry ghost (D:10)
  25 deep elf fighters
  Eustachio (D:7)
  10 deep elf magi
  35 yaks
  5 steam dragons (Lair:8)
  9 hippogriffs
  4 wolves (Lair:5)
  3 wargs
  35 water moccasins
  Edmund (Orc:1)
  A mottled dragon (Lair:8)
  10 porcupines
  5 phantoms
  5 soldier ants
  54 orc warriors
  2 ice beasts
  5 spiders (Lair:8)
  2 swamp drakes
  6 sky beasts
  3 black bears
  15 ogres
  2 wasps (Lair:8)
  21 crocodiles
  17 centaurs
  A boring beetle (Lair:8)
  3 big kobolds
  17 giant frogs
  4 scorpions
  12 wights
  5 jellies
  24 killer bees
  5 electric eels
  3 goliath beetles
  3 centaur zombies
  6 crimson imps
  A wasp zombie (D:12)
  A gnoll shaman (D:8)
  31 orc priests
  10 hounds
  2 giant frog skeletons
  2 centaur skeletons (D:4)
  16 iguanas
  A hell rat (Elf:1)
  41 orc wizards
  4 sheep (Lair:1)
  38 worker ants
  Ijyb (D:5)
  Terence (D:2)
  A mummy (D:9)
  A worker ant zombie (D:6)
  7 gnolls
  24 river rats
  47 adders
  7 shadow imps
  A giant mite (D:6)
  3 worms
  2 adder zombies (D:6)
  2 oozes
  243 orcs
  2 bat skeletons
  A bat zombie (D:7)
  28 hobgoblins
  11 jackals
  11 quokkas
  4 ball pythons
  22 bats
  6 giant cockroaches
  4 giant geckos
  A giant gecko skeleton (D:4)
  3 giant gecko zombies
  A giant newt (D:4)
  A giant spore (D:11)
  18 goblins
  21 kobolds
  A quokka skeleton (D:7)
  A quokka zombie (D:8)
  13 rats
  6 ballistomycetes
  9 bushes
  6 fungi
  A plant (Lair:8)
1209 creatures vanquished.

Vanquished Creatures (collateral kills)
  3 spiny frogs
  2 water moccasins
  A soldier ant (Lair:2)
  4 worker ants (Lair:2)
  An adder (Lair:5)
11 creatures vanquished.

Vanquished Creatures (others)
  Harold (Elf:1)
  A deep elf knight (Elf:1)
  A soldier ant (Lair:2)
  A centaur (D:11)
  8 crimson imps
  An iron imp (Lair:2)
  2 worker ants
  7 white imps
  An orc (Orc:4)
  2 giant spores
  A bush (Elf:1)
  97 fungi
  94 plants
  5 toadstools (D:1)
222 creatures vanquished.

Grand Total: 1442 creatures vanquished

Notes
Turn   | Place    | Note
--------------------------------------------------------------
     0 | D:1      | faibistes, the Deep Elf Wizard, began the quest for the Orb.
     0 | D:1      | Reached XP level 1. HP: 10/10 MP: 6/6
   379 | D:1      | Reached XP level 2. HP: 10/15 MP: 7/10
   478 | D:1      | Learned a level 2 spell: Blink
   481 | D:1      | Learned a level 2 spell: Call Imp
  1175 | D:2      | Reached skill level 5 in Spellcasting
  1213 | D:2      | Noticed Terence
  1316 | D:1      | Reached XP level 3. HP: 7/19 MP: 3/14
  1321 | D:1      | Learned a level 3 spell: Conjure Flame
  1394 | D:1      | Learned a level 3 spell: Mephitic Cloud
  1977 | D:2      | Killed Terence
  1977 | D:2      | Reached XP level 4. HP: 24/24 MP: 7/17
  2682 | D:3      | Reached skill level 6 in Spellcasting
  2764 | D:3      | Noticed an ogre
  2790 | D:3      | Killed an ogre
  2790 | D:3      | Reached XP level 5. HP: 28/28 MP: 5/20
  3015 | D:3      | Found a burning altar of Makhleb.
  3090 | D:3      | Noticed an ogre
  3108 | D:3      | Killed an ogre
  3108 | D:3      | Reached skill level 1 in Air Magic
  3108 | D:3      | Reached XP level 6. HP: 32/32 MP: 12/22
  3215 | D:3      | Learned a level 2 spell: Repel Missiles
  3244 | D:4      | Found an ancient bone altar of Kikubaaqudgha.
  3925 | D:4      | Reached skill level 1 in Poison Magic
  4037 | D:4      | Reached skill level 7 in Spellcasting
  4084 | D:5      | Entered Level 5 of the Dungeon
  4084 | D:5      | Found a blossoming altar of Fedhas.
  4093 | D:5      | Noticed Ijyb
  4104 | D:5      | Killed Ijyb
  4332 | D:4      | Found a sparkling altar of Nemelex Xobeh.
  4466 | D:4      | Found a staircase to the Ecumenical Temple.
  4474 | Temple   | Entered the Ecumenical Temple
  4602 | D:4      | Found an iron altar of Okawaru.
  4848 | D:6      | Reached XP level 7. HP: 32/36 MP: 20/25
  5218 | D:4      | Found a snail-covered altar of Cheibriados.
  5246 | D:3      | Found a radiant altar of Vehumet.
  6514 | D:5      | Reached skill level 5 in Conjurations
  6554 | D:5      | Found a glowing silver altar of Zin.
  7106 | D:6      | Reached XP level 8. HP: 38/41 MP: 16/27
  7221 | D:6      | Reached skill level 8 in Spellcasting
  7340 | D:6      | Reached skill level 5 in Dodging
  8180 | D:6      | Found an iron altar of Okawaru.
  8443 | D:6      | Found an opulent altar of Gozag.
  8497 | D:7      | Noticed Eustachio
  8501 | D:7      | Killed Eustachio
  8575 | D:7      | Noticed faibistes' ghost (experienced DEWz)
  8592 | D:7      | Killed faibistes' ghost
  8592 | D:7      | Reached skill level 9 in Spellcasting
  8592 | D:7      | Reached skill level 5 in Air Magic
  8592 | D:7      | Reached XP level 9. HP: 36/45 MP: 12/29
  8923 | D:7      | Reached skill level 1 in Evocations
  9198 | D:7      | Reached skill level 1 in Fighting
  9904 | D:7      | Reached skill level 10 in Spellcasting
 10230 | D:8      | Noticed Joseph
 10887 | D:8      | Killed Joseph
 10887 | D:8      | Reached skill level 11 in Spellcasting
 11492 | D:8      | Reached XP level 10. HP: 48/55 MP: 25/32
 11996 | D:9      | Noticed a kobold demonologist
 11996 | D:9      | Noticed a kobold demonologist
 12259 | D:8      | Killed a kobold demonologist
 12544 | D:9      | Reached skill level 12 in Spellcasting
 12552 | D:9      | Reached skill level 5 in Evocations
 12773 | D:8      | Killed a kobold demonologist
 13001 | D:9      | Got a fine robe
 13012 | D:9      | Identified the +1 robe of a treasure trove {rC- MP-9 Str+6 Int+4 Dex+5} (You found it on level 9 of the Dungeon)
 13185 | D:8      | Found a deep blue altar of Sif Muna.
 13217 | D:8      | Became a worshipper of Sif Muna the Loreminder
 13571 | D:10     | Entered Level 10 of the Dungeon
 13621 | D:8      | Reached skill level 1 in Charms
 13621 | D:8      | Reached skill level 1 in Invocations
 13863 | D:8      | Reached skill level 1 in Fire Magic
 14248 | D:10     | Got a pair of dazzling gloves
 14268 | D:9      | Identified the +1 pair of gloves of the Stag {rElec rC- Str+6 SInv} (You found it on level 10 of the Dungeon)
 14369 | D:9      | Reached XP level 11. HP: 61/61 MP: 17/34
 14533 | D:9      | Found a basalt altar of Yredelemnul.
 14593 | D:9      | Noticed an orange crystal statue
 15497 | D:10     | Found a radiant altar of Vehumet.
 15619 | D:10     | Acquired Sif Muna's first power
 15838 | D:11     | Noticed a hill giant
 15932 | D:10     | Killed a hill giant
 15932 | D:10     | Reached skill level 13 in Spellcasting
 16524 | D:10     | Noticed a hill giant
 16533 | D:10     | Killed a hill giant
 17019 | D:10     | Noticed a hill giant
 17034 | D:10     | Killed a hill giant
 17034 | D:10     | Acquired Sif Muna's second power
 17421 | D:10     | Noticed a hill giant
 17439 | D:10     | Killed a hill giant
 17735 | D:11     | Found an iron altar of Okawaru.
 17933 | D:11     | Noticed a five-headed hydra
 17954 | D:11     | Killed a five-headed hydra
 18558 | D:11     | Noticed an unseen horror
 18581 | D:11     | Killed an unseen horror
 18581 | D:11     | Reached skill level 5 in Fire Magic
 18982 | D:11     | Found a staircase to the Lair.
 19156 | D:11     | Reached skill level 5 in Invocations
 19174 | D:11     | Reached XP level 12. HP: 34/66 MP: 25/36
 19699 | Lair:1   | Entered Level 1 of the Lair of Beasts
 20946 | Lair:1   | Reached skill level 14 in Spellcasting
 21468 | Lair:2   | Noticed a seven-headed hydra
 21504 | Lair:2   | Killed a seven-headed hydra
 21850 | Lair:5   | Acquired Sif Muna's third power
 23171 | Lair:2   | Reached skill level 10 in Dodging
 23900 | Lair:3   | Noticed a four-headed hydra
 23909 | Lair:3   | Killed a four-headed hydra
 24262 | Lair:3   | Learned a level 6 spell: Bolt of Cold
 24629 | Lair:3   | Reached skill level 1 in Ice Magic
 24700 | Lair:3   | Found a staircase to the Swamp.
 25781 | Lair:4   | Noticed a seven-headed hydra
 25800 | Lair:4   | Killed a seven-headed hydra
 25961 | Lair:4   | Reached skill level 15 in Spellcasting
 26202 | Lair:4   | Reached XP level 13. HP: 70/70 MP: 24/37
 27098 | Lair:5   | Found a shadowy altar of Dithmenos.
 28786 | Lair:6   | Found a staircase to the Snake Pit.
 28794 | Lair:6   | Reached skill level 10 in Conjurations
 29225 | Lair:6   | Got a fine rapier
 29226 | Lair:6   | Identified the +7 rapier of Tender Mercy {drain, Str+4 Dex+5 Stlth-} (You found it on level 6 of the Lair of Beasts)
 29355 | Lair:8   | Entered Level 8 of the Lair of Beasts
 29541 | Lair:6   | Received a gift from Sif Muna
 29551 | Lair:6   | Identified Sif Muna's Catalogue of Torrid Combat Magic (Sif Muna gifted it to you on level 6 of the Lair of Beasts)
 29557 | Lair:6   | Learned a level 4 spell: Sticky Flame
 29808 | Lair:2   | Learned a level 5 spell: Lightning Bolt
 30173 | Lair:6   | Learned a level 5 spell: Fireball
 30855 | Lair:7   | Reached skill level 5 in Ice Magic
 31030 | Lair:7   | Found a staircase to the Slime Pits.
 31388 | Lair:7   | Found a glowing silver altar of Zin.
 32149 | Lair:7   | Reached skill level 16 in Spellcasting
 32785 | Lair:7   | Got a clouded bone ring
 32787 | Lair:7   | Identified the ring of Bigic {+Fly rF+ MR+ Str+2 Int-5 Stlth+} (You found it on level 7 of the Lair of Beasts)
 34054 | Lair:8   | Reached XP level 14. HP: 56/76 MP: 14/39
 34768 | Lair:8   | Reached skill level 10 in Invocations
 35277 | Lair:8   | Received a gift from Sif Muna
 35278 | Lair:8   | Identified Sif Muna's Volume of Congealing Confrontation (Sif Muna gifted it to you on level 8 of the Lair of Beasts)
 35283 | Lair:8   | Learned a level 3 spell: Stone Arrow
 35599 | Lair:8   | Reached skill level 1 in Earth Magic
 36339 | Lair:8   | Reached skill level 10 in Fire Magic
 37784 | D:12     | Found a staircase to the Orcish Mines.
 37986 | D:12     | Found a portal to a secret trove of treasure.
 38005 | D:12     | Reached skill level 5 in Fighting
 38710 | Orc:1    | Entered Level 1 of the Orcish Mines
 38715 | Orc:1    | Noticed Edmund
 38721 | Orc:1    | Killed Edmund
 39089 | Orc:4    | Entered Level 4 of the Orcish Mines
 39613 | Orc:1    | Reached skill level 17 in Spellcasting
 40235 | Orc:2    | Noticed an orc warlord
 40253 | Orc:2    | Killed an orc warlord
 41716 | Orc:2    | Found a roughly hewn altar of Beogh.
 42012 | Orc:2    | Received a gift from Sif Muna
 42013 | Orc:2    | Identified Sif Muna's Grimoire of the Excruciating Birds (Sif Muna gifted it to you on level 2 of the Orcish Mines)
 42019 | Orc:2    | Learned a level 4 spell: Summon Lightning Spire
 42695 | Orc:3    | Noticed Snorg
 42715 | Orc:3    | Killed Snorg
 43744 | Orc:3    | Found a staircase to the Elven Halls.
 45270 | Orc:4    | Reached XP level 15. HP: 74/82 MP: 15/40
 45270 | Orc:4    | Reached skill level 5 in Earth Magic
 46767 | Orc:4    | Found Ohephar's Book Boutique.
 46767 | Orc:4    | Found Shigoher's Distillery.
 46770 | Orc:4    | Found Schusasa's Book Emporium.
 46772 | Orc:4    | Found Mimaghuwk's Book Shop.
 46776 | Orc:4    | Bought a book of Fire for 845 gold pieces
 46777 | Orc:4    | Bought a potion of heal wounds for 70 gold pieces
 46789 | Orc:4    | Bought a book of the Earth for 780 gold pieces
 46794 | Orc:4    | Bought a book of the Warp for 900 gold pieces
 46801 | Orc:4    | Learned a level 6 spell: Bolt of Fire
 47013 | Orc:4    | Found a roughly hewn altar of Beogh.
 47510 | Lair:2   | Learned a level 4 spell: Force Lance
 47521 | Lair:2   | Learned a level 5 spell: Ignite Poison
 47540 | Lair:2   | Learned a level 6 spell: Iron Shot
 47781 | Elf:1    | Entered Level 1 of the Elven Halls
 47982 | Elf:1    | Noticed Nergalle
 48218 | Elf:1    | Killed Nergalle
 48590 | Elf:1    | Noticed Maud
 48629 | Elf:1    | Killed Maud
 49339 | Elf:1    | Noticed Roxanne
 49356 | Elf:1    | Reached skill level 18 in Spellcasting
 49556 | Elf:1    | Received a gift from Sif Muna
 49558 | Elf:1    | Identified Sif Muna's Incunabulum of Feathers (Sif Muna gifted it to you on level 1 of the Elven Halls)
 49783 | Elf:1    | Learned a level 6 spell: Deflect Missiles
 49899 | Elf:1    | Noticed Harold
 49902 | Elf:1    | Killed Harold
 49956 | Elf:2    | Noticed Aizul
 50128 | Elf:2    | Killed Aizul
 50265 | Elf:2    | Got a pair of steaming gloves
 50293 | Elf:1    | Identified the cursed -5 pair of gloves of Aneciung {MP+9 Int+4} (You found it on level 2 of the Elven Halls)
 50443 | Elf:1    | Found Geusihu's Weapon Boutique.
 50833 | Elf:1    | Noticed Frances
 50850 | Elf:1    | Killed Frances
 52076 | Elf:2    | Found a runed gate.
 52117 | Elf:2    | Found a runed gate.
 52117 | Elf:2    | Found a runed gate.
 52211 | Elf:2    | Reached XP level 16. HP: 61/90 MP: 38/41
 52338 | Elf:2    | Identified a scroll of acquirement
 52347 | Elf:2    | Learned a level 5 spell: Lee's Rapid Deconstruction
 52407 | Elf:1    | Killed Roxanne
 52807 | Elf:2    | Found a deep blue altar of Sif Muna.
 53144 | Elf:2    | Slain by a deep elf knight

Action                   |  1- 3 |  4- 6 |  7- 9 | 10-12 | 13-15 | 16-18 || total
-------------------------+-------+-------+-------+-------+-------+-------++-------
Melee: Dagger            |     8 |    13 |   113 |   261 |    43 |       ||   438
       Rapier            |       |       |       |       |   197 |       ||   197
 Cast: Magic Dart        |    90 |   159 |   378 |   970 |   401 |       ||  1998
       Call Imp          |     3 |       |       |    54 |     5 |       ||    62
       Conjure Flame     |     4 |    10 |    53 |   157 |    90 |       ||   314
       Mephitic Cloud    |     2 |     9 |    28 |    89 |    53 |       ||   181
       Blink             |       |     1 |    13 |    20 |    33 |       ||    67
       Repel Missiles    |       |     1 |     1 |     2 |     2 |       ||     6
       Bolt of Cold      |       |       |       |     1 |    40 |       ||    41
       Fireball          |       |       |       |       |   423 |    10 ||   433
       Sticky Flame      |       |       |       |       |   111 |       ||   111
       Lightning Bolt    |       |       |       |       |     5 |       ||     5
       Bolt of Fire      |       |       |       |       |    46 |     3 ||    49
       Force Lance       |       |       |       |       |    42 |     3 ||    45
       Iron Shot         |       |       |       |       |     6 |       ||     6
       Deflect Missiles  |       |       |       |       |     2 |       ||     2
       Lee's Rapid Decon |       |       |       |       |       |    15 ||    15
Invok: Channel Energy    |       |       |       |     9 |    71 |     2 ||    82
       Forget Spell      |       |       |       |       |     2 |     1 ||     3
 Abil: Evoke Flight      |       |       |       |       |     1 |       ||     1
Evoke: Wand              |       |       |     2 |     1 |     6 |       ||     9
  Use: Scroll            |     3 |     6 |     9 |    11 |    10 |     2 ||    41
       Potion            |       |       |       |     1 |     6 |     1 ||     8
 Stab: Confused          |       |       |     2 |     5 |     5 |       ||    12
       Paralysed         |       |       |       |     2 |       |       ||     2
       Distracted        |       |       |       |     1 |       |       ||     1
       Sleeping          |       |       |       |     1 |       |       ||     1
  Eat: Chunk             |     2 |     9 |    17 |    39 |    65 |       ||   132
       Fruit             |     1 |       |     4 |     4 |     6 |       ||    15
       Beef jerky        |       |       |       |     3 |     3 |       ||     6
       Pizza             |       |       |       |       |     5 |       ||     5
       Bread ration      |       |       |       |       |     3 |     1 ||     4
